 Dungeon Crawl Stone Soup version 0.30-a0-368-g86fb4627a9 (webtiles) character file.

Game seed: 7788346390113409504

12544 qeuew the Protected (level 11, -3/126 HPs)
             Began as a Demonspawn Gladiator on Nov 18, 2022.
             Was an Initiate of Gozag.
             Slain by Snorg (14 damage)
             ... on level 11 of the Dungeon.
             The game lasted 00:14:26 (10120 turns).

qeuew the Protected (Demonspawn Gladiator)         Turns: 10120, Time: 00:14:26

Health: -3/126     AC: 25    Str: 17    XL:     11   Next: 63%
Magic:  11/11      EV:  2    Int: 10    God:    Gozag
Gold:   83         SH:  0    Dex: 16    Spells: 10/10 levels left

rFire   + . .      SeeInvis .    s - +4 broad axe (elec)
rCold   + . .      Faith    .    (no shield)
rNeg    . . .      Spirit   .    (body armour currently unavailable)
rPois   +          Reflect  .    (helmet currently unavailable)
rElec   +          Harm     .    (cloak currently unavailable)
rCorr   +          Rampage  .    (gloves currently unavailable)
Will    +....      NoTele   +    (boots currently unavailable)
Stlth   +.........               (no amulet)
HPRegen 0.41/turn                l - ring of willpower
MPRegen 0.24/turn                g - +4 ring of slaying

@: mighty, tree-form, resistant
A: stationary, stasis, torment immunity, boosted hp, (claws 2), powered by pain
1, magic regeneration, (sanguine armour 1), (horns 1), (sturdy frame 1)
a: End Transformation, Renounce Religion, Potion Petition, Call Merchant, Bribe
Branch


You were on level 11 of the Dungeon.
You worshipped Gozag.
Gozag was noncommittal.
You were a tree.
You visited 2 branches of the dungeon, and saw 12 of its levels.

You collected 1858 gold pieces.
You spent 280 gold pieces at shops.
You paid 1495 gold pieces to Gozag.

Inventory:

Hand Weapons
 a - a +0 war axe of electrocution
 s - a +4 broad axe of electrocution (weapon)
Missiles
 d - 5 throwing nets (quivered)
 e - 7 javelins
Armour
 m - the +2 leather armour "Kiwkekko" (melded) {Will- Str+3}
   (You bought it in a shop on level 3 of the Dungeon)

   Str:       It affects your strength (+3).
   Will:      It decreases your willpower.
 v - a +1 hat (melded)
 y - the +0 pair of gloves of Fortification (melded) {Str+4 Dex+6}
   (You found it on level 8 of the Dungeon)

   Str:       It affects your strength (+4).
   Dex:       It affects your dexterity (+6).
 C - a +2 pair of boots (melded)
Jewellery
 g - a +4 ring of slaying (right branch)
 l - a ring of willpower (left branch)
 z - a ring of resist corrosion
Wands
 f - a wand of digging (6)
 n - a wand of paralysis (30)
 o - a wand of mindburst (14)
Scrolls
 b - 5 scrolls of teleportation
 c - 3 scrolls of blinking
 i - 6 scrolls of identify
 j - 2 scrolls of enchant armour
 k - 4 scrolls of fear
 w - 2 scrolls of magic mapping
 B - a scroll of butterflies
Potions
 h - 3 potions of heal wounds
 p - 2 potions of resistance
 q - a potion of magic
 r - a potion of cancellation
 t - 3 potions of flight
 u - 8 potions of curing
 x - a potion of mutation
 A - 2 potions of brilliance


   Skills:
 + Level 7.5 Fighting
 + Level 7.1 Axes
 + Level 6.8 Throwing
 * Level 9.2 Armour
 + Level 7.1 Dodging
 + Level 6.9 Evocations


You had 10 spell levels left.
You didn't know any spells.
Your spell library contained the following spells:

 Spells                   Type           Power      Damage    Failure   Level
 Beastly Appendage        Tmut           0%         N/A       36%         1
 Necrotise                Necr           0%         1d4       36%         1
 Sting                    Tmut/Pois      0%         1d3       36%         1
 Poisonous Vapours        Pois/Air       0%         N/A       50%         2
 Wereblood                Tmut           0%         N/A       50%         2
 Spider Form              Tmut/Pois      0%         N/A       75%         3
 Vampiric Draining        Necr           0%         2d6       75%         3
 Olgreb's Toxic Radiance  Pois           0%         N/A       98%         4
 Agony                    Necr           0%         N/A       100%        5
 Summon Forest            Summ/Tloc      0%         N/A       100%        5
 Summon Mana Viper        Hex/Summ       0%         N/A       100%        5
 Summon Cactus Giant      Summ           0%         N/A       100%        6


Dungeon Overview and Level Annotations

Branches:
Dungeon (11/15)            Temple (1/1) D:4            Lair (0/5) D:8
    Orc: D:9-12

Altars:
Ashenzari
Dithmenos
Fedhas
Gozag
Hepliaklqana
Kikubaaqudgha
Makhleb
Nemelex Xobeh
Okawaru
Qazlal
Ru
Sif Muna
Trog
Uskayaw
Wu Jian
Yredelemnul

Shops:
D:1 *   D:3 **[(

Annotations:
D:11 Snorg


Innate Abilities, Weirdness & Mutations

You are a tree.
Your roots penetrate the ground, keeping you stationary.
You cannot be teleported.
You are immune to unholy pain and torment.
Your maximum health is greatly increased.
Your equipment is partially melded.
((You have very sharp fingernails.))
You sometimes gain a little power by taking damage.
You regenerate magic rapidly.
((When seriously injured, your blood forms armour. (AC +0)))
((You have a pair of small horns on your head.))
((Your movements are slightly less encumbered by armour. (ER -2)))


Message History

Snorg is moderately wounded.
Snorg bites you but does no damage. Snorg closely misses you. Snorg claws you!
You are too injured to fight recklessly!
You are too injured to fight recklessly!
You are too injured to fight recklessly!
You are too injured to fight recklessly!
Unknown command.
You closely miss Snorg. You headbutt Snorg.
Snorg is moderately wounded.
Snorg bites you. Snorg claws you but does no damage. x2
You slash Snorg!
Snorg is heavily wounded.
Snorg goes berserk!
You slice Snorg!! You headbutt Snorg!
Snorg is severely wounded.
Snorg closely misses you. Snorg misses you. Snorg claws you but does no damage.
Snorg bites you!!
* * * LOW HITPOINT WARNING * * *
You focus on the pain.
You feel very mighty all of a sudden. Snorg closely misses you.
Snorg barely misses you. [a] - 567 gold - heal wounds, curing, magic and berserk rage [b] - 520 gold - haste and resistance [c] - 391 gold - resistance, might and lignification Purchase which effect?
You no longer have enough gold to petition Gozag for potion effects.
You feel protected.
You feel mightier all of a sudden.
You turn into a tree.
Your +1 hat melds into your body.
The +0 pair of gloves of Fortification {Str+4 Dex+6} melds into your body.
Your +2 pair of boots melds into your body.
The +2 leather armour "Kiwkekko" {Will- Str+3} melds into your body.
Your roots penetrate the ground.
Your blood armour dries and flakes away.
Snorg bites you!
* * * LOW HITPOINT WARNING * * *
Snorg claws you!
* * * LOW HITPOINT WARNING * * *
Snorg barely misses you. Snorg bites you!
You die...
Your body crumbles into a pile of gold.

$ # ...#. ###
####.##...# ..#
#....##..## # #.##
#..#........ #.
#...###.....<.#
#..###.##...#>#.##.#
#....$......#.#.##.#
...###$####.##.#.##.#
#♣##......#.##.###
#T##.####.....<)..
............######
#...........##
#..##.#####.# #..##.#
#.# .#.# # #.# #.#.
#.# #.#


You could see Snorg (berserk).

Vanquished Creatures
  4 two-headed ogres
  Pikel (D:6)
  An orc knight (D:10)
  A cyclops (D:11)
  Maurice (D:8)
  Maggie (D:6)
  2 unseen horrors (D:10)
  2 kobold demonologists
  A komodo dragon (D:8)
  2 trolls
  Grinder (D:6)
  2 hornets
  A shadow (D:9)
  A wraith (D:10)
  10 yaks
  Eustachio (D:4)
  A wyvern (D:9)
  A steam dragon (D:10)
  A warg (D:10)
  Menkaure (D:8)
  An acid dragon (D:10)
  2 water moccasins
  5 ice beasts
  2 orc warriors (D:10)
  A black bear (D:8)
  6 centaurs
  A phantom (D:5)
  2 lemures (D:6)
  2 kobold brigands
  A gnoll sergeant (D:10)
  2 necrophages
  7 bullfrogs
  2 scorpions
  3 wights (D:7)
  3 killer bees (D:10)
  4 howler monkeys
  2 hounds
  3 iron imps (D:4)
  3 gnoll boudas
  3 iguanas
  Terence (D:2)
  7 orc wizards
  18 gnolls
  5 adders
  An ufetubus (D:5)
  3 worms
  25 orcs
  8 endoplasms
  5 giant cockroaches
  5 goblins
  6 hobgoblins
  3 jackals (D:2)
  A quokka (D:3)
  7 ball pythons
  3 bats
  3 frilled lizards (D:2)
  16 kobolds
  5 rats
213 creatures vanquished.

Vanquished Creatures (others)
  A killer bee (D:10)
  An orc (D:10)
  A kobold (D:10)
  7 fungi (D:6)
  3 plants (D:8)
13 creatures vanquished.

Grand Total: 226 creatures vanquished

Notes
Turn   | Place    | Note
-------+----------+-------------------------------------------
     0 | D:1      | qeuew the Demonspawn Gladiator began the quest for the Orb.
     0 | D:1      | Reached XP level 1. HP: 16/16 MP: 1/1
     8 | D:1      | Found Acki's General Store.
   296 | D:1      | Gained mutation: When seriously injured, your blood forms
                  | armour. (AC +0) [demonic ancestry]
   296 | D:1      | Reached XP level 2. HP: 21/22 MP: 2/2
   473 | D:1      | Found a faded altar of an unknown god.
   834 | D:2      | Reached skill level 1 in Armour
  1001 | D:2      | Reached XP level 3. HP: 28/28 MP: 3/3
  1131 | D:2      | Noticed Terence
  1144 | D:2      | Killed Terence
  1291 | D:2      | Gained mutation: Armour fits poorly on your strangely
                  | shaped body. [potion of mutation]
  1291 | D:2      | Gained mutation: You have a pair of small horns on your
                  | head. [potion of mutation]
  1291 | D:2      | Gained mutation: You are weak. (Str -2) [potion of
                  | mutation]
  1379 | D:3      | Found Nidebaghon's Antique Armour Emporium.
  1417 | D:3      | Found Yheakhib's Antique Weapon Shop.
  1565 | D:3      | Reached XP level 4. HP: 32/34 MP: 4/4
  1644 | D:3      | Found Laxtyava's General Store.
  1708 | D:3      | Found Laikla's Assorted Antiques.
  1858 | D:3      | Reached skill level 2 in Armour
  2004 | D:3      | Bought an ichor-stained leather armour for 119 gold pieces
  2004 | D:3      | Identified the +2 leather armour "Kiwkekko" {Will- Str+3}
                  | (You bought it in a shop on level 3 of the Dungeon)
  2136 | D:4      | Noticed Eustachio
  2150 | D:4      | Reached XP level 5. HP: 24/40 MP: 5/5
  2151 | D:4      | Killed Eustachio
  2152 | D:4      | Reached skill level 1 in Evocations
  2152 | D:4      | Gained mutation: You sometimes gain a little power by
                  | taking damage. [demonic ancestry]
  2152 | D:4      | Reached XP level 6. HP: 27/47 MP: 6/6
  2245 | D:4      | Reached skill level 3 in Armour
  2396 | D:4      | Found a burning altar of Makhleb.
  2501 | D:4      | Found a staircase to the Ecumenical Temple.
  2517 | Temple   | Entered the Ecumenical Temple
  2616 | Temple   | Became a worshipper of Gozag Ym Sagoz the Greedy
  2887 | D:4      | Found a sparkling altar of Nemelex Xobeh.
  3098 | D:5      | Entered Level 5 of the Dungeon
  3103 | D:5      | Noticed an ice beast
  3118 | D:5      | Killed an ice beast
  3119 | D:5      | Reached XP level 7. HP: 25/52 MP: 7/7
  3357 | D:5      | Reached skill level 4 in Armour
  3538 | D:5      | Lost mutation: You have a pair of small horns on your head.
                  | [potion of mutation]
  3538 | D:5      | Lost mutation: Armour fits poorly on your strangely shaped
                  | body. [potion of mutation]
  3538 | D:5      | Lost mutation: You are weak. (Str -2) [potion of mutation]
  3538 | D:5      | Gained mutation: Your movements are slightly less
                  | encumbered by armour. (ER -2) [potion of mutation]
  3538 | D:5      | Gained mutation: You have a pair of small horns on your
                  | head. [potion of mutation]
  3699 | D:5      | Noticed a yak
  3700 | D:5      | Noticed a yak
  3701 | D:5      | Noticed a yak
  3701 | D:5      | Noticed a yak
  3702 | D:5      | Noticed a yak
  3707 | D:5      | Killed a yak
  3708 | D:5      | Gained mutation: You have sharp fingernails. [demonic
                  | ancestry]
  3708 | D:5      | Reached XP level 8. HP: 60/60 MP: 8/8
  3715 | D:5      | Reached skill level 5 in Armour
  4022 | D:3      | Bought a runed broad axe for 161 gold pieces
  4097 | D:6      | Noticed Maggie
  4102 | D:6      | Killed Maggie
  4155 | D:6      | Reached XP level 9. HP: 67/67 MP: 9/9
  4247 | D:6      | Noticed Grinder
  4253 | D:6      | Killed Grinder
  4254 | D:6      | Reached skill level 5 in Fighting
  4254 | D:6      | Reached skill level 5 in Axes
  4254 | D:6      | Reached skill level 5 in Dodging
  4537 | D:6      | Reached skill level 6 in Armour
  4603 | D:6      | Noticed Pikel
  4613 | D:6      | Killed Pikel
  5476 | D:7      | Reached skill level 5 in Throwing
  5490 | D:7      | Noticed a two-headed ogre
  5496 | D:7      | Killed a two-headed ogre
  5683 | D:7      | Noticed a troll
  5693 | D:7      | Killed a troll
  5694 | D:7      | Reached skill level 7 in Armour
  5694 | D:7      | Reached skill level 5 in Evocations
  5694 | D:7      | Gained mutation: You regenerate magic rapidly. [demonic
                  | ancestry]
  5694 | D:7      | Reached XP level 10. HP: 17/76 MP: 10/10
  5983 | D:7      | Noticed Menkaure
  5986 | D:7      | Found a stormy altar of Qazlal.
  6434 | D:8      | Noticed Maurice
  6462 | D:8      | Killed Maurice
  6751 | D:8      | Killed Menkaure
  6804 | D:8      | Identified the +0 pair of gloves of Fortification {Str+4
                  | Dex+6}
  6817 | D:8      | Paralysed by a hornet for 1 turns
  7022 | D:8      | Found a staircase to the Lair.
  7496 | D:9      | Paralysed by a hornet for 1 turns
  7508 | D:9      | Reached skill level 8 in Armour
  8007 | D:9      | Noticed a two-headed ogre
  8016 | D:9      | Killed a two-headed ogre
  8329 | D:9      | Noticed a two-headed ogre
  8334 | D:9      | Killed a two-headed ogre
  8335 | D:9      | Gained mutation: You have very sharp fingernails. [demonic
                  | ancestry]
  8335 | D:9      | Reached XP level 11. HP: 51/83 MP: 11/11
  8760 | D:10     | Entered Level 10 of the Dungeon
  8785 | D:10     | Noticed a two-headed ogre
  8800 | D:10     | Killed a two-headed ogre
  9119 | D:10     | Found a sparkling altar of Nemelex Xobeh.
  9245 | D:10     | Found a hide-covered altar of Uskayaw.
  9429 | D:10     | Noticed an orc knight
  9464 | D:10     | Killed an orc knight
  9465 | D:10     | Reached skill level 9 in Armour
  9511 | D:10     | Identified the +1 pair of gloves "Nesiadu" {Rampage Str+2}
 10104 | D:11     | Noticed Snorg
 10106 | D:11     | Noticed a soul eater
 10120 | D:11     | Slain by Snorg

Illustrated notes

Levels and vault maps discovered:
D:1:      dpeg_arrival_radiant, layout_rooms, serial_shops, shop,
          shapermc_ecumenical_altar_mp_highgroup, grunt_decor_clamped,
          hangedman_decor_peaks_small
D:2:      layout_loops_cross, uniq_terence
D:3:      layout_rooms, serial_shops, nicolae_square_shop,
          nicolae_shop_temple_entry_statues_fountains, shop,
          nicolae_shop_temple_entry_statues_fountains, serial_park_tiny_pond,
          chequers_serial_rivers_large_b
D:4:      layout_basic, demons_altar, minmay_temple_entry_drinking_statues,
          minmay_ruined_shrine, uniq_eustachio
D:5:      layout_cave_pods, minmay_liquid_box
D:6:      layout_loops_corners, serial_aquarium, aquarium_bridge_long_separate
          [aquarium_subvault_window, aquarium_subvault_bridge,
          aquarium_subvault_bridge, aquarium_subvault_bridge,
          aquarium_subvault_bridge, aquarium_subvault_balcony],
          aquarium_bridge_square [aquarium_subvault_bridge,
          aquarium_subvault_window, aquarium_subvault_bridge,
          aquarium_subvault_bridge], aquarium_window_fake, aquarium_window_fake,
          aquarium_window_2, aquarium_view_2c, aquarium_pool_2, uniq_pikel,
          uniq_maggie, uniq_grinder
D:7:      layout_rooms, grunt_qazlal_sundering, dk_noncrumbling_4, uniq_menkaure
D:8:      layout_cave_pools, david_lair_shrubbed, uniq_maurice
D:9:      layout_cave_pods
D:10:     layout_stronghold, grunt_temple_overflow_open, grunt_potential
D:11:     layout_loops_ring, erik_orc_4, serial_shops,
          nicolae_shop_behind_doors, minivault_25, uniq_snorg
Temple:   bh_familiar_temple

Skill      XL: |  1  2  3  4  5  6  7  8  9 10 11 |
---------------+----------------------------------+-----
Throwing       | 2 3 4 5 6 |  6.8
Armour         | 1 2 3 4 5 7 8 9 |  9.2
Dodging        | 3 4 5 6 7 |  7.1
Axes           | 3 4 5 6 7 |  7.1
Fighting       | 3 4 5 6 7 |  7.5
Evocations     | 1 2 3 5 6 |  6.9

Action                   |  1- 3 |  4- 6 |  7- 9 | 10-12 || total
-------------------------+-------+-------+-------+-------++-------
Melee: War axe           |    97 |    94 |    38 |       ||   229
       Headbutt          |       |    15 |    18 |    47 ||    80
       Punch             |       |     1 |     1 |     7 ||     9
       Broad axe         |       |       |    70 |   234 ||   304
Invok: Potion Petition   |       |       |     1 |     3 ||     4
  Use: Scroll            |     8 |     1 |     5 |     5 ||    19
       Potion            |     4 |     2 |     3 |     1 ||    10
 Stab: Sleeping          |       |       |     1 |     2 ||     3
       Distracted        |       |       |       |     3 ||     3
Armor: Leather armour    |     9 |    27 |    50 |    99 ||   185
       Ring mail         |    27 |     4 |       |       ||    31
Dodge: Dodged            |    70 |    66 |    89 |   225 ||   450

Table legend: (Time is in decaauts)
 A = Elapsed time spent in this place.
 B = Non-inter-level travel time spent in this place.
 C = Inter-level travel time spent in this place.
 D = Time resting spent in this place.
 E = Time spent auto-exploring this place.
 F = Levels seen in this place.
 G = Mean time per level.
                   A        B        C        D        E       F      G
               +--------+--------+--------+--------+--------+-----+--------+
         Total |  10327 |   9738 |    589 |     50 |   8103 |  12 |  860.6 |
       Dungeon |  10201 |   9665 |    536 |     50 |   8035 |  11 |  927.4 |
        Temple |    125 |     73 |     52 |      0 |     68 |   1 |  125.0 |
               +--------+--------+--------+--------+--------+-----+--------+

Top non-repeatable levels by time:
     D:6: 1393 daAuts
    D:10: 1329 daAuts
     D:9: 1276 daAuts
     D:8: 1103 daAuts
     D:4: 988 daAuts
     D:7: 950 daAuts
     D:5: 916 daAuts
     D:2: 819 daAuts
     D:3: 786 daAuts
     D:1: 571 daAuts
  Temple: 125 daAuts
    D:11: 66 daAuts
